 Dungeon Crawl Stone Soup version 0.30.0-19-g36f170ea60 (webtiles) character file.

Game seed: 1555944318195636647

65 cdecastro the Sneak (level 4, -2/21 HPs)
             Began as a Vine Stalker Enchanter on May 26, 2023.
             Slain by an orc priest
             ... wielding a +0 trident
              (6 damage)
             ... on level 3 of the Dungeon.
             The game lasted 00:04:01 (1927 turns).

cdecastro the Sneak (Vine Stalker Enchanter)        Turns: 1927, Time: 00:04:02

Health: -2/21      AC:  4    Str: 10    XL:     4   Next: 13%
Magic:  0/8        EV: 11    Int: 15    God:
Gold:   73         SH:  0    Dex: 17    Spells: 2/7 levels left

rFire   . . .        a - +1 dagger
rCold   . . .        (no shield)
rNeg    . . .        n - +0 leather armour
rPois   .            (no helmet)
rElec   .            (no cloak)
rCorr   .            o - +0 pair of gloves
SInv    .            (no boots)
Will    .....        (no amulet)
Stlth   +++          (no ring)
HPRegen 1.03/turn    (no ring)
MPRegen 0.11/turn

%: guardian spirit
@: no status effects
A: fangs 2, regeneration 1, magic shield, antimagic bite, no potion heal 2
a: no special abilities


You were on level 3 of the Dungeon.
You visited 1 branch of the dungeon, and saw 3 of its levels.

You collected 73 gold pieces.

Inventory:

Hand Weapons
 a - a +1 dagger (weapon)
Armour
 b - a +0 robe
 n - a +0 leather armour (worn)
 o - a +0 pair of gloves (worn)
Scrolls
 j - 2 scrolls of amnesia {unknown}
 l - a scroll of blinking {unknown}
 m - a scroll of poison {unknown}
Potions
 c - 3 potions of invisibility
 d - a potion of flight {unknown}
 e - a potion of heal wounds {unknown}
 f - a potion of mutation {unknown}
 g - a potion of magic {unknown}
 h - a potion of haste {unknown}
 i - 2 potions of curing {unknown}
 k - a potion of attraction {unknown}
 p - a potion of cancellation {unknown}


   Skills:
 - Level 0.8 Short Blades
 - Level 1.5 Dodging
 + Level 4.6 Stealth
 - Level 2.1 Spellcasting
 * Level 4.3 Hexes


You had 2 spell levels left.
You knew the following spells:

 Your Spells              Type           Power      Damage    Failure   Level
a - Ensorcelled Hibernat  Hex/Ice        16%        N/A       19%         2
b - Confusing Touch       Hex            14%        N/A       16%         3

Your spell library contained the following spells:

 Spells                   Type           Power      Damage    Failure   Level
 Tukima's Dance           Hex            14%        N/A       16%         3
 Dazzling Flash           Conj/Hex       16%        N/A       36%         3


Dungeon Overview and Level Annotations

Branches:
Dungeon (3/15)

Altars:

Shops:
D:1 ?

Annotations:
D:3 1 runed translucent door, Crazy Yiuf


Innate Abilities, Weirdness & Mutations

You have extremely sharp teeth.
Your natural rate of healing is unusually fast.
When hurt, damage is shared between your health and your magic reserves.
Your bite disrupts and absorbs the magic of your enemies.
Potions cannot restore your health.


Message History

Aiming: Ensorcelled Hibernation (safe; 19% risk of failure)
Press: ? - help, Q - select action Shift-Dir - straight line, f/p - orc priest
Aim: an orc priest, wielding a +0 trident (moderately wounded, chance to affect: 41%)
The orc priest resists with some effort.
The orc priest hits you with a +0 trident.
* * * LOW HITPOINT WARNING * * *
You completely miss the orc priest.
The orc priest is moderately wounded.
The orc priest barely misses you.
You hit the orc priest.
The orc priest is heavily wounded.
The orc priest closely misses you.
You barely miss the orc priest. You bite the orc priest. You drain its power.
You feel invigorated.
The orc priest is severely wounded.
The orc priest hits you with a +0 trident.
* * * LOW HITPOINT WARNING * * *
Aiming: Ensorcelled Hibernation (safe; 19% risk of failure)
Press: ? - help, Q - select action Shift-Dir - straight line, f/p - orc priest
Aim: an orc priest, wielding a +0 trident (severely wounded, chance to affect: 41%)
The orc priest resists with some effort.
The orc priest misses you.
You closely miss the orc priest. Your bite misses the orc priest.
The orc priest is severely wounded.
The orc priest misses you.
You hit the orc priest.
The orc priest is severely wounded.
The orc priest hits you with a +0 trident.
* * * LOW HITPOINT WARNING * * *
You barely miss the orc priest. Your bite misses the orc priest.
The orc priest is severely wounded.
The orc priest misses you.
You hit the orc priest.
The orc priest is almost dead.
The orc priest hits you with a +0 trident.
* * * LOW HITPOINT WARNING * * *
You hit the orc priest. Your bite misses the orc priest.
The orc priest is almost dead.
The orc priest hits you with a +0 trident.
You die...

#...#.### #.#...# ##......#
.#....# #.#.....#
##....###.#.#
.........##...........#
#..<..#..#^....#.##...####..##
#.................#..## #
........#.# #.)...#.#
......##.# #....##.# ...#.##.#
#@#.###.# #.##.##.# #o#.# #..
######.##.##.###)#.# ###
..o.o.....##.....#.#
...######........#.#
##.######.########..
#........# ##########


You could see an orc priest.

Vanquished Creatures
  A gnoll (D:1)
  2 worms
  A dart slug (D:1)
  3 orcs
  4 ball pythons
  7 bats
  4 endoplasms
  4 goblins
  3 hobgoblins (D:1)
  2 jackals (D:1)
  4 kobolds
  2 quokkas
  2 frilled lizards (D:1)
  A rat (D:3)
40 creatures vanquished.

Notes
Turn   | Place    | Note
-------+----------+-------------------------------------------
     0 | D:1      | cdecastro the Vine Stalker Enchanter began the quest for
                  | the Orb.
     0 | D:1      | Reached XP level 1. HP: 9/9 MP: 4/4
    69 | D:1      | Reached XP level 2. HP: 13/13 MP: 6/6
   101 | D:1      | Learned a level 2 spell: Ensorcelled Hibernation
   341 | D:1      | Reached XP level 3. HP: 13/16 MP: 7/7
   373 | D:1      | Learned a level 3 spell: Confusing Touch
   591 | D:1      | Found Wozoh's Magic Scroll Shoppe.
  1621 | D:3      | Found a runed translucent door.
  1622 | D:3      | Noticed Crazy Yiuf
  1645 | D:3      | Gained mutation: Your natural rate of healing is unusually
                  | fast. [Vine Stalker growth]
  1645 | D:3      | Reached XP level 4. HP: 21/21 MP: 8/8
  1927 | D:3      | Slain by an orc priest

Illustrated notes

Levels and vault maps discovered:
D:1:      minmay_arrival_solitary_statue, layout_loops_ring, serial_shops,
          nicolae_shop_real_fake_doors
D:2:      layout_loops_ring
D:3:      layout_loops_ring, nicolae_dithmenos_the_darkroom,
          uniq_crazy_yiuf_cottage, uniq_jessica

Skill      XL: |  1  2  3 |
---------------+----------+-----
Stealth        | 4 |  4.6
Hexes          | 4 |  4.3
Short Blades   | |  0.8
Dodging        | |  1.5
Spellcasting   | |  2.1

Action                     |  1- 3 |  4- 6 || total
---------------------------+-------+-------++-------
  Melee: Dagger            |   106 |    21 ||   127
         Bite              |    19 |     2 ||    21
   Cast: Ensorcelled Hiber |     3 |     8 ||    11
   Stab: Sleeping          |     9 |     4 ||    13
 Armour: Robe              |     8 |       ||     8
         Leather armour    |    17 |     6 ||    23
  Dodge: Dodged            |    57 |    22 ||    79
